 Dungeon Crawl Stone Soup version 0.30-a0-250-g41c1d76940 (webtiles) character file.

Game seed: 6613129446425194906

82401 Pooter the Marksminotaur (level 15, -11/141 HPs)
             Began as a Minotaur Berserker on Oct 11, 2022.
             Was an Elder of Trog.
             Mangled by Rupert
             ... wielding a +1 vorpal executioner's axe
              (48 damage)
             ... on level 13 of the Dungeon on Oct 12, 2022.
             The game lasted 02:15:54 (29902 turns).

Pooter the Marksminotaur (Minotaur Berserker)      Turns: 29902, Time: 02:15:54

Health: -11/141    AC: 19    Str: 31    XL:     15   Next: 29%
Magic:  14/14      EV:  6    Int:  6    God:    Trog [****..]
Gold:   934        SH:  5    Dex: 12    Spells: 14/14 levels left

rFire   + . .      SeeInvis +    a - +1 battleaxe (vorpal)
rCold   + . .      Faith    .    (shield currently unavailable)
rNeg    . . .      Spirit   .    V - +0 gold dragon scales
rPois   +          Reflect  +    (helmet restricted)
rElec   +          Harm     +    n - scarf {harm}
rCorr   .          Rampage  .    e - +0 pair of gloves
Will    +++..                    Z - +0 pair of boots
Stlth   ..........               A - amulet of reflection
HPRegen 1.43/turn                T - +6 ring of strength
MPRegen 0.14/turn                S - ring of see invisible

@: silenced, strong-willed, regenerating
A: horns 2, retaliatory headbutt, shaggy fur 1, electricity resistance, wild
magic 1
a: Renounce Religion


You were on level 13 of the Dungeon.
You worshipped Trog.
Trog was greatly pleased with you.
You visited 3 branches of the dungeon, and saw 20 of its levels.
You also visited: Ossuary and Bailey.

You collected 3616 gold pieces.
You spent 2682 gold pieces at shops.

Inventory:

Hand Weapons
 a - a +1 vorpal battleaxe (weapon)
   (You took it off Harold on level 9 of the Dungeon)
 b - the +7 longbow of the Horn {freeze, Str+3}
   (You acquired it on level 2 of the Lair of Beasts)

   Any ammunition fired from it freezes those it strikes, dealing additional
   cold damage.
   It can also slow down cold-blooded creatures.
   Str:       It affects your strength (+3).
 w - the +7 spear "Egimuut" {holy, rF+ rC+ Will+ Int+2}
   (You found it on level 5 of the Dungeon)

   It has been blessed by the Shining One to cause great damage to the undead
   and demons.
   Int:       It affects your intelligence (+2).
   rF:        It protects you from fire.
   rC:        It protects you from cold.
   Will:      It increases your willpower.
 J - the +5 trident of Incongruity {flame, rPois rCorr Str+2 Int+4}
   (You took it off an orc wizard on level 8 of the Dungeon)

   It burns those it strikes, dealing additional fire damage.
   Str:       It affects your strength (+2).
   Int:       It affects your intelligence (+4).
   rPois:     It protects you from poison.
   rCorr:     It protects you from acid and corrosion.
 M - the +7 quarterstaff of Liakugg {antimagic, rC++}
   (Trog gifted it to you on level 11 of the Dungeon)

   It reduces the magical energy of the wielder, and disrupts the spells and
   magical abilities of those it strikes.
   Natural abilities and divine invocations are not affected.
   rC:        It greatly protects you from cold.
 N - a +2 halberd of electrocution
   (You took it off a gnoll in a bailey)
 O - a +4 war axe
   (You found it on level 1 of the Dungeon)
Missiles
 c - 2 atropa-tipped darts
 g - 15 javelins
 v - 21 poisoned darts
 z - 10 boomerangs (quivered)
 Q - 4 silver boomerangs
 R - 6 curare-tipped darts
Armour
 e - a +0 pair of gloves (worn)
   (You found it on level 1 of the Dungeon)
 l - a +3 plate armour
   (You found it on level 2 of the Dungeon)
 n - a scarf of harm (worn)
   (You bought it in a shop on level 3 of the Dungeon)
 V - +0 gold dragon scales (worn)
   (You found it on level 5 of the Lair of Beasts)
 Z - a +0 pair of boots (worn)
   (You found it on level 2 of the Lair of Beasts)
Jewellery
 m - a ring of flight
   (You bought it in a shop on level 2 of the Orcish Mines)
 A - an amulet of reflection (around neck)
   (You found it on level 6 of the Dungeon)
 C - a ring of resist corrosion
   (You found it on level 4 of the Lair of Beasts)
 E - a ring of willpower
   (You found it on level 6 of the Dungeon)
 F - a ring of protection from fire
   (You bought it in a shop on level 2 of the Orcish Mines)
 I - a ring of ice
   (You took it off Fannar on level 10 of the Dungeon)
 S - a ring of see invisible (right hand)
   (You found it on level 1 of the Lair of Beasts)
 T - a +6 ring of strength (left hand)
   (You bought it in a shop on level 2 of the Orcish Mines)
Wands
 f - a wand of flame (40)
   (You found it on level 7 of the Dungeon)
 u - a wand of paralysis (22)
   (You found it on level 1 of the Lair of Beasts)
 x - a wand of acid (8)
   (You took it off an orc on level 8 of the Dungeon)
 H - a wand of roots (7)
   (You took it off Ijyb on level 5 of the Dungeon)
Scrolls
 d - 4 scrolls of fear
 h - 4 scrolls of blinking
 i - 6 scrolls of identify {@r1}
 j - a scroll of butterflies
 p - 4 scrolls of summoning
 s - 3 scrolls of magic mapping
 t - 14 scrolls of teleportation {@r4}
 B - 3 scrolls of immolation {!r}
 K - a scroll of silence
Potions
 k - 7 potions of flight
 o - 9 potions of curing {@q1}
 q - 4 potions of cancellation
 r - 3 potions of mutation {!q}
 y - 12 potions of heal wounds {@q2}
 D - 5 potions of might
 L - 2 potions of haste {@q3}
 U - 2 potions of lignification {!q}
 W - 2 potions of resistance
 X - a potion of ambrosia
Miscellaneous
 G - a condenser vane
   (You bought it in a shop on level 2 of the Orcish Mines)
 P - a tin of tremorstones (2/2)
   (You found it on level 3 of the Lair of Beasts)
 Y - a phantom mirror
   (You found it on level 3 of the Lair of Beasts)


   Skills:
 + Level 15.1 Fighting
 + Level 16.6 Axes
 + Level 3.9 Staves
 * Level 18.7 Ranged Weapons
 - Level 7.3 Armour
 - Level 2.1 Dodging
 + Level 8.3 Evocations


You had 14 spell levels left.
You didn't know any spells.
Your spell library was empty.

Dungeon Overview and Level Annotations

Branches:
Dungeon (13/15)            Temple (0/1) D:4            Lair (5/5) D:10
 Shoals (0/4) Lair:3        Snake (0/4) Lair:2        Slime (0/5) Lair:4
    Orc (2/2) D:11            Elf (0/3) Orc:2       Ossuary (visited)
 Bailey (visited)
 Vaults: D:13-14

Altars:
Ashenzari
Dithmenos
Gozag
Hepliaklqana
Kikubaaqudgha
Nemelex Xobeh
Ru
Uskayaw
Xom
Jiyva

Shops:
D:3 ?[   D:4 !   D:9 *   Orc:1 (   Orc:2 ([=*

Portals:
Abyss: Lair:3

Annotations:
D:13 Rupert


Innate Abilities, Weirdness & Mutations

You have a pair of horns on your head.
You reflexively headbutt those who attack you in melee.
You are covered in fur. (AC +1)
You are resistant to electric shocks. (rElec)
Your spells are a little harder to cast, but a little more powerful.


Message History

The vampire mosquito draws strength from your injuries!
You closely miss the vampire mosquito.
The vampire mosquito closely misses you.
You furiously retaliate!
You headbutt the vampire mosquito! You slash the vampire mosquito!
You destroy the vampire mosquito!
Trog accepts your kill.
The shadow slips into darkness.
The shadow flickers and vanishes for a moment.
You see here a hydra corpse.
You slash the shadow! You headbutt the shadow.
You destroy the shadow!
Trog accepts your kill.
You start resting.
Unknown command.
You feel stronger.
The +7 longbow of the Horn {freeze, Str+3} is covered in frost.
b - the +7 longbow of the Horn (weapon)
{freeze, Str+3} Unknown command.
Found 17 gold pieces.
You now have 922 gold pieces (gained 17).
Found a stone staircase leading up.
Found a stone staircase leading down.
Found 17 gold pieces.
Found 12 gold pieces.
You now have 934 gold pieces (gained 12).
Rupert the Wild comes into view.
He is wielding a +1 vorpal executioner's axe.
Your skin crawls.
You feel strong-willed.
You shoot an arrow. The arrow closely misses Rupert.
The +7 longbow of the Horn {freeze, Str+3} stops glowing.
a - a +1 vorpal battleaxe (weapon)
As you read the scroll of silence, it crumbles to dust.
A profound silence engulfs you. Rupert barely misses you.
You barely miss Rupert. You headbutt Rupert!
Rupert flies into a rage!
Rupert goes berserk!
You slice Rupert!!
Rupert hits you with a +1 vorpal executioner's axe!!
You hit Rupert.
Rupert hits you with a +1 vorpal executioner's axe!!
* * * LOW HITPOINT WARNING * * *
* * * LOW HITPOINT WARNING * * *
Rupert hits you with a +1 vorpal executioner's axe!!
* * * LOW HITPOINT WARNING * * *
* * * LOW HITPOINT WARNING * * *
You slash Rupert! Your headbutt misses Rupert.
Rupert hits you with a +1 vorpal executioner's axe!!!
You die...

.#...####### #......#
...........# #..###
####.#####.# #....# # #
#.# ##.######.#.#.#
####.# #............>##
.....# #...............#
.##### #...####.##.###.#
.########...# ##.##^# #
............# #.@.#.#
.###............@.......
.# #.####..####...#$####
.# #.# #..# ##.#..#
.###.###...# #.#.##
........#..# #.#.#
#.......##.. ..#.#
#.......# #.# ###
........#


You could see Rupert (berserk).

Vanquished Creatures
  Gastronok (Lair:2)
  2 orc warlords
  The ghost of treertat the Impaler, a journeyman MiMo of Makhleb (Lair:5)
  A minotaur (Lair:5)
  The ghost of porpoise the Warrior, a journeyman KoBr of Hepliaklqana (Lair:3)
  A fire dragon (Lair:5)
  Fannar (D:10)
  3 hydras
  The ghost of KennySheep the Fighter, a novice OgWr of Vehumet (Lair:1)
  A catoblepas (Lair:2)
  A centaur warrior (D:8)
  Erolcha (D:9)
  Harold (D:9)
  3 two-headed ogres
  6 death yaks (Lair:2)
  2 boulder beetles (Lair:5)
  A deep elf knight (Orc:2)
  4 orc high priests
  The ghost of sleeves the Spear-Bearer, a novice MiCj (D:9)
  A spectral catoblepas (Lair:1)
  Amaemon (Lair:2)
  A glowing orange brain (Lair:3)
  A spectral hydra (Lair:1)
  2 lindwurms (Lair:5)
  5 orc knights
  4 orc sorcerers (Orc:2)
  The ghost of Darkkill the Skirmisher, a novice HuHu of Gozag (D:6)
  A spectral boulder beetle (Lair:1)
  A deep elf pyromancer (Orc:2)
  3 ugly things
  3 cyclopes
  A manticore (D:13)
  3 elephants (Lair:5)
  A rust devil (Lair:3)
  6 black mambas
  5 torpor snails (Lair:5)
  An orange demon (Lair:2)
  6 cane toads
  A yaktaur (shapeshifter) (Lair:3)
  2 unseen horrors
  4 rime drakes
  6 komodo dragons
  2 tyrant leeches (Lair:5)
  6 trolls
  16 polar bears
  7 hornets
  Prince Ribbit (D:7)
  5 blink frogs
  3 raiju
  6 dream sheep (Lair:4)
  3 spriggans
  5 shadows
  3 vampires
  2 wraiths
  5 wyverns
  4 basilisks
  61 yaks
  10 vampire mosquitoes
  2 steam dragons
  Menkaure (D:5)
  A naga (Lair:2)
  A spectral cane toad (Lair:1)
  An acid dragon (D:11)
  10 wargs
  13 water moccasins
  15 hell hounds (Lair:5)
  33 orc warriors
  3 ice beasts
  13 black bears
  A sky beast (D:8)
  5 ogres
  27 wolves
  14 centaurs
  17 bullfrogs
  3 kobold brigands
  2 scorpions
  A wight (D:8)
  6 jellies
  11 killer bees
  3 vampire bats (Orc:2)
  7 howler monkeys
  2 electric eels (D:11)
  6 hounds
  Crazy Yiuf (D:7)
  26 orc priests
  2 gnoll boudas
  5 iguanas
  24 orc wizards
  Ijyb (D:5)
  A mummy (Ossuary)
  10 adders
  14 gnolls
  A shadow imp (D:8)
  A white imp (D:6)
  2 ufetubi (D:5)
  2 worms
  4 dart slugs
  92 orcs
  A spectral bat (Ossuary)
  4 endoplasms
  6 giant cockroaches
  12 gnoll zombies (Ossuary)
  18 goblins
  9 hobgoblins
  5 jackals
  7 quokkas
  9 ball pythons
  16 bats
  4 bat simulacra (Ossuary)
  8 frilled lizards
  2 goblin simulacra (Ossuary)
  6 goblin zombies
  2 hobgoblin zombies (Ossuary)
  19 kobolds
  4 kobold simulacra (Ossuary)
  4 kobold zombies (Ossuary)
  7 orc zombies (Ossuary)
  A quokka zombie (D:6)
  5 rats
  4 rat simulacra (Ossuary)
  4 spectral goblins (Ossuary)
  2 spectral kobolds (Ossuary)
  A spectral rat (Ossuary)
776 creatures vanquished.

Vanquished Creatures (collateral kills)
  A hydra (Lair:5)
  A komodo dragon (Lair:5)
  A water moccasin (Lair:5)
3 creatures vanquished.

Vanquished Creatures (others)
  22 fungi
  74 plants
96 creatures vanquished.

Grand Total: 875 creatures vanquished

Notes
Turn   | Place    | Note
-------+----------+-------------------------------------------
     0 | D:1      | Pooter the Minotaur Berserker began the quest for the Orb.
     0 | D:1      | Reached XP level 1. HP: 19/19 MP: 0/0
    59 | D:1      | Reached XP level 2. HP: 13/27 MP: 1/1
   179 | D:1      | Reached skill level 1 in Ranged Weapons
   492 | D:1      | Reached XP level 3. HP: 33/33 MP: 2/2
   498 | D:1      | Reached ** piety under Trog
  1122 | D:2      | Reached skill level 2 in Ranged Weapons
  1303 | D:2      | Reached XP level 4. HP: 40/40 MP: 3/3
  1340 | D:2      | Found a shimmering altar of Xom.
  1868 | D:3      | Found Jecrowir's Armour Shoppe.
  1881 | D:3      | Bought a scarf of harm for 90 gold pieces
  1915 | D:3      | Found Koxauv's Magic Scroll Boutique.
  1930 | D:3      | Reached skill level 5 in Axes
  1972 | D:3      | Bought a scroll of identify for 24 gold pieces
  1972 | D:3      | Bought a scroll of identify for 24 gold pieces
  2133 | D:3      | Reached *** piety under Trog
  2458 | D:3      | Reached skill level 3 in Ranged Weapons
  2486 | D:3      | Reached XP level 5. HP: 47/47 MP: 4/4
  2701 | D:4      | Found a staircase to the Ecumenical Temple.
  2701 | D:4      | Noticed an ogre
  2822 | D:3      | Killed an ogre
  2823 | D:3      | Reached skill level 5 in Fighting
  2823 | D:3      | Reached skill level 4 in Ranged Weapons
  2823 | D:3      | Reached XP level 6. HP: 44/56 MP: 5/5
  3026 | D:3      | Bought a scroll of magic mapping for 90 gold pieces
  3265 | D:4      | Found Benaos's Distillery.
  3705 | D:4      | Reached XP level 7. HP: 60/61 MP: 6/6
  3816 | D:4      | Found a hide-covered altar of Uskayaw.
  3900 | D:5      | Entered Level 5 of the Dungeon
  3905 | D:5      | Reached skill level 5 in Ranged Weapons
  3966 | D:4      | Bought a potion of heal wounds for 50 gold pieces
  3997 | D:5      | Identified the +7 spear "Egimuut" {holy, rF+ rC+ Will+
                  | Int+2}
  4115 | D:5      | Reached **** piety under Trog
  4204 | D:5      | Noticed Ijyb
  4209 | D:5      | Killed Ijyb
  4427 | D:4      | Bought a potion of might for 40 gold pieces
  4635 | D:5      | Noticed Menkaure
  4640 | D:5      | Killed Menkaure
  4641 | D:5      | Reached skill level 6 in Ranged Weapons
  4889 | D:6      | Reached XP level 8. HP: 65/70 MP: 7/7
  4938 | D:6      | Found a runed translucent gate.
  4938 | D:6      | Found a runed translucent gate.
  4938 | D:6      | Found a runed translucent gate.
  4942 | D:6      | Reached skill level 7 in Ranged Weapons
  4942 | D:6      | Found an opulent altar of Gozag.
  4943 | D:6      | Noticed Darkkill's ghost (novice HuHu)
  4999 | D:6      | Found a sand-covered staircase.
  5012 | Ossuary  | Entered an ossuary
  5552 | D:4      | Bought a potion of mutation for 80 gold pieces
  5635 | D:6      | Reached ***** piety under Trog
  5833 | D:6      | Killed Darkkill's ghost
  5834 | D:6      | Reached skill level 10 in Axes
  5834 | D:6      | Reached skill level 8 in Ranged Weapons
  5834 | D:6      | Reached XP level 9. HP: 80/80 MP: 8/8
  5895 | D:7      | Noticed Prince Ribbit
  5904 | D:7      | Killed Prince Ribbit
  6152 | D:6      | Reached skill level 9 in Ranged Weapons
  6591 | D:3      | Bought a scroll of enchant weapon for 90 gold pieces
  7026 | D:3      | Bought a scroll of enchant weapon for 90 gold pieces
  7217 | D:7      | Found a sparkling altar of Nemelex Xobeh.
  7426 | D:7      | Found a runed translucent door.
  7427 | D:7      | Noticed Crazy Yiuf
  7433 | D:7      | Killed Crazy Yiuf
  7538 | D:8      | Reached XP level 10. HP: 90/90 MP: 9/9
  7578 | D:8      | Reached skill level 10 in Ranged Weapons
  7688 | D:8      | Noticed a centaur warrior
  7700 | D:8      | Killed a centaur warrior
  8107 | D:8      | Reached skill level 11 in Ranged Weapons
  8120 | D:8      | Found a sacrificial altar of Ru.
  8436 | D:8      | Noticed a cyan ugly thing
  8442 | D:8      | Killed a cyan ugly thing
  8460 | D:8      | Identified the +5 trident of Incongruity {flame, rPois
                  | rCorr Str+2 Int+4}
  8768 | D:9      | Found a flagged portal.
  8794 | Bailey   | Entered a bailey
  9270 | D:9      | Reached skill level 5 in Armour
  9270 | D:9      | Reached XP level 11. HP: 93/98 MP: 10/10
  9332 | D:9      | Found a hazy altar of Hepliaklqana.
  9437 | D:9      | Found a runed translucent door.
  9437 | D:9      | Noticed sleeves's ghost (novice MiCj)
  9536 | D:9      | Noticed Erolcha
  9547 | D:9      | Killed Erolcha
  9697 | D:9      | Found an ancient bone altar of Kikubaaqudgha.
  9722 | D:9      | Reached skill level 10 in Fighting
  9756 | D:9      | Found a shadowy altar of Dithmenos.
  9798 | D:9      | Noticed Harold
  9806 | D:9      | Killed Harold
  9807 | D:9      | Reached skill level 12 in Ranged Weapons
  9976 | D:9      | Found a broken altar of Ashenzari.
 10024 | D:9      | Found Puttenkesi's General Store.
 10035 | D:9      | Bought a potion of curing for 45 gold pieces
 10035 | D:9      | Bought a potion of resistance for 150 gold pieces
 10163 | D:9      | Killed sleeves's ghost
 10224 | D:10     | Entered Level 10 of the Dungeon
 10285 | D:10     | Noticed Fannar
 10308 | D:10     | Killed Fannar
 10766 | D:10     | Found a staircase to the Lair.
 10995 | Lair:1   | Entered Level 1 of the Lair of Beasts
 11433 | Lair:1   | Reached XP level 12. HP: 95/108 MP: 11/11
 11434 | Lair:1   | Reached skill level 13 in Ranged Weapons
 12098 | Lair:1   | Found a runed translucent gate.
 12098 | Lair:1   | Found a runed translucent gate.
 12098 | Lair:1   | Found a runed translucent gate.
 12098 | Lair:1   | Noticed KennySheep's ghost (novice OgWr)
 12183 | Lair:1   | Gained mutation: You expend magic power (3 MP) to
                  | strengthen your wands. [potion of mutation]
 12183 | Lair:1   | Gained mutation: You are agile. (Dex +4, Str/Int -1)
                  | [potion of mutation]
 12183 | Lair:1   | Gained mutation: Your muscles are strong. (Str +4, Int/Dex
                  | -1) [potion of mutation]
 12184 | Lair:1   | Lost mutation: You expend magic power (3 MP) to strengthen
                  | your wands. [potion of mutation]
 12184 | Lair:1   | Lost mutation: Your muscles are strong. (Str +4, Int/Dex
                  | -1) [potion of mutation]
 12184 | Lair:1   | Lost mutation: You are agile. (Dex +4, Str/Int -1) [potion
                  | of mutation]
 12184 | Lair:1   | Gained mutation: You occasionally shout uncontrollably at
                  | your foes. [potion of mutation]
 12184 | Lair:1   | Gained mutation: You are resistant to electric shocks.
                  | (rElec) [potion of mutation]
 12185 | Lair:1   | Lost mutation: You occasionally shout uncontrollably at
                  | your foes. [potion of mutation]
 12185 | Lair:1   | Lost mutation: You are resistant to electric shocks.
                  | (rElec) [potion of mutation]
 12185 | Lair:1   | Gained mutation: You sometimes lose your temper in combat.
                  | [potion of mutation]
 12185 | Lair:1   | Gained mutation: Your muscles are strong. (Str +4, Int/Dex
                  | -1) [potion of mutation]
 12185 | Lair:1   | Gained mutation: You have large cloven feet. [potion of
                  | mutation]
 12186 | Lair:1   | Lost mutation: You sometimes lose your temper in combat.
                  | [potion of mutation]
 12186 | Lair:1   | Lost mutation: Your muscles are strong. (Str +4, Int/Dex
                  | -1) [potion of mutation]
 12186 | Lair:1   | Lost mutation: You have large cloven feet. [potion of
                  | mutation]
 12186 | Lair:1   | Gained mutation: Your spells are a little harder to cast,
                  | but a little more powerful. [potion of mutation]
 12186 | Lair:1   | Gained mutation: You are resistant to electric shocks.
                  | (rElec) [potion of mutation]
 12186 | Lair:1   | Gained mutation: You are covered in fur. (AC +1) [potion of
                  | mutation]
 12537 | Lair:1   | Reached skill level 15 in Axes
 12538 | Lair:1   | Killed KennySheep's ghost
 12539 | Lair:1   | Reached skill level 1 in Evocations
 12668 | Lair:2   | Found a staircase to the Snake Pit.
 12699 | Lair:2   | Noticed Gastronok
 12712 | Lair:2   | Killed Gastronok
 12929 | Lair:2   | Identified a scroll of acquirement
 12929 | Lair:2   | Acquired the +7 longbow of the Horn {freeze, Str+3}
 13067 | Lair:2   | Noticed a catoblepas
 13072 | Lair:2   | Killed a catoblepas
 13073 | Lair:2   | Reached skill level 14 in Ranged Weapons
 13135 | Lair:2   | Noticed Amaemon
 13149 | Lair:2   | Killed Amaemon
 13441 | Lair:2   | Noticed a death yak
 13442 | Lair:2   | Noticed a death yak
 13446 | Lair:2   | Noticed a death yak
 13446 | Lair:2   | Noticed a death yak
 13447 | Lair:2   | Noticed a death yak
 13452 | Lair:2   | Noticed a death yak
 13452 | Lair:2   | Killed a death yak
 13452 | Lair:2   | Killed a death yak
 13461 | Lair:2   | Killed a death yak
 13461 | Lair:2   | Killed a death yak
 13461 | Lair:2   | Killed a death yak
 13465 | Lair:2   | Killed a death yak
 13466 | Lair:2   | Reached XP level 13. HP: 30/117 MP: 12/12
 14201 | Lair:3   | Found a transporter.
 14214 | Lair:3   | Found a staircase to the Shoals.
 14294 | Lair:3   | Found a transporter.
 14312 | Lair:3   | Found a one-way gate to the infinite horrors of the Abyss.
 14313 | Lair:3   | Noticed porpoise's ghost (journeyman KoBr)
 14945 | Lair:3   | Reached skill level 15 in Ranged Weapons
 15129 | Lair:3   | Killed porpoise's ghost
 15628 | Lair:4   | Reached skill level 5 in Evocations
 15694 | Lair:4   | Identified the +6 flail of the Holding Whale {venom,
                  | Fragile rN+ Int+5}
 15887 | Lair:4   | Found a staircase to the Slime Pits.
 15894 | Lair:4   | Found a viscous altar of Jiyva.
 16353 | Lair:5   | Entered Level 5 of the Lair of Beasts
 16367 | Lair:5   | Reached skill level 16 in Ranged Weapons
 16672 | Lair:5   | Noticed a minotaur
 16673 | Lair:5   | Noticed treertat's ghost (journeyman MiMo)
 17133 | Lair:5   | Reached XP level 14. HP: 129/129 MP: 13/13
 17501 | Lair:5   | Found a runed translucent gate.
 17501 | Lair:5   | Found a runed translucent gate.
 17501 | Lair:5   | Found a runed translucent gate.
 17611 | Lair:5   | Reached skill level 17 in Ranged Weapons
 18086 | Lair:5   | Identified the +0 shortbow of Kismet {venom, *Corrode Fly
                  | rF+}
 18519 | Lair:5   | Killed treertat's ghost
 18814 | Lair:5   | Found a runed translucent door.
 19519 | D:11     | Identified the +2 long sword of Zin's Castigation {protect,
                  | rElec}
 20644 | D:11     | Found a staircase to the Orcish Mines.
 20782 | D:11     | Identified the +7 quarterstaff of Liakugg {antimagic, rC++}
                  | (Trog gifted it to you on level 11 of the Dungeon)
 20782 | D:11     | Received a gift from Trog
 20783 | D:11     | Reached skill level 18 in Ranged Weapons
 20977 | Orc:1    | Entered Level 1 of the Orcish Mines
 20977 | Orc:1    | Found a shimmering altar of Xom.
 21039 | Orc:1    | Reached skill level 1 in Staves
 21325 | Orc:1    | Found Oddelef's Weapon Emporium.
 21724 | Orc:2    | Entered Level 2 of the Orcish Mines
 21724 | Orc:2    | Found a staircase to the Elven Halls.
 22699 | Orc:2    | Noticed an orc warlord
 23196 | Orc:2    | Received a gift from Trog
 25362 | Orc:2    | Killed an orc warlord
 26012 | Orc:2    | Reached XP level 15. HP: 139/139 MP: 14/14
 27251 | Orc:2    | Found Heycas's Antique Weapon Shoppe.
 28076 | Orc:2    | Found Uqucinuna's Jewellery Shoppe.
 28133 | Orc:2    | Found Dolur's General Store.
 28139 | Orc:2    | Bought a condenser vane for 480 gold pieces
 28148 | Orc:2    | Found Haimas's Antique Armour Shoppe.
 28281 | Orc:2    | Bought a ring of flight for 245 gold pieces
 28401 | D:8      | Reached skill level 15 in Fighting
 28531 | D:4      | Bought a potion of mutation for 80 gold pieces
 28531 | D:4      | Bought a potion of curing for 30 gold pieces
 28531 | D:4      | Bought a potion of might for 40 gold pieces
 28531 | D:4      | Bought 2 potions of curing for 60 gold pieces
 28700 | D:9      | Bought 2 potions of might for 120 gold pieces
 28813 | Orc:2    | Bought a ring of protection from fire for 350 gold pieces
 29431 | D:12     | Upgraded the game from 0.30-a0-242-g7bf8e6d787 to
                  | 0.30-a0-250-g41c1d76940
 29448 | D:13     | Acquired 938 gold pieces
 29569 | Orc:2    | Bought a +6 ring of strength for 504 gold pieces
 29893 | D:13     | Noticed Rupert
 29902 | D:13     | Mangled by Rupert

Illustrated notes

Levels and vault maps discovered:
D:1:      dpeg_arrival_fog, layout_loops_ring, minmay_misc_feat_rugged
D:2:      layout_loops_cross, basic_altar, minmay_misc_feat_ornament,
          minmay_cut_off
D:3:      minmay_wonky_spiral, layout_basic, serial_shops, shop,
          nicolae_shop_advertising_works [nicolae_subvault_shop_adworks],
          saegor_snake_ambush
D:4:      kennysheep_spiral_hall, layout_loops_corners,
          mainiacjoe_overflow_alcove_4, minmay_temple_entry_stoned_glass,
          serial_shops, nicolae_shop_stone
D:5:      layout_loops_ring, uniq_ijyb, uniq_menkaure
D:6:      layout_cave_pools, enter_ossuary_4, ebering_ghost_gozag
D:7:      layout_rooms, mainiacjoe_overflow_six_doors_small,
          uniq_crazy_yiuf_cottage, uniq_prince_ribbit1
D:8:      minmay_quarter_circles, layout_basic, nicolae_ru_sacrificial_ziggurat,
          grunt_ministairs_9
D:9:      layout_irregular_city, nicolae_hepliaklqana_hazy_memory,
          kennysheep_mini_moat, nicolae_overflow_squiral, enter_bailey_5,
          serial_shops, nicolae_shop_hallway_stairs, gammafunk_ghost_grave,
          nicolae_fountain_basement, uniq_harold, uniq_erolcha
D:10:     layout_cave_pools, lair_entry_dummy, serial_glass, glass_columns_c,
          glass_columns_a, glass_columns_b, glass_columns_b, glass_columns_a,
          glass_columns_b, uniq_fannar
D:11:     layout_loops_ring, erik_orc_2
D:12:     layout_cave_pools, minmay_misc_feat_pillars
D:13:     layout_loops_ring, minmay_misc_feat_four_crosses, minmay_evil_grid,
          uniq_rupert, uniq_frances, uniq_sonja
Lair:1:   layout_regular_city, gammafunk_ghost_necromancy
Lair:2:   layout_gridlike, guppyfry_snake_entry_island, uniq_gastronok,
          uniq_amaemon
Lair:3:   layout_gridlike, shoals_dummy_entry, gammafunk_ghost_abyssal_escape,
          beast_lair_carwin_5
Lair:4:   layout_loops_ring, slime_entry_1, forest_entry_grove
Lair:5:   hangedman_lair_caniforms_friends, layout_gridlike, wormcave,
          maelrawn_ghost_gauntlet_escape, cheibrodos_lair_lostbears
Orc:1:    layout_caves, serial_shops, nicolae_diamond_shop, basic_altar,
          nicolae_orc_pool_cavern
Orc:2:    grunt_orc_cross, layout_caves, special_room, roderic_batcave,
          elf_legates

Skill      XL: |  1  2  3  4  5  6  7  8  9 10 11 12 13 14 15 |
---------------+----------------------------------------------+-----
Axes           | 4 5 6 7 10 11 13 14 16 | 16.6
Ranged Weapons | 1 2 3 4 6 8 9 11 12 14 16 18 | 18.7
Fighting       | 4 5 6 7 8 9 10 11 13 14 15 | 15.1
Armour         | 5 7 |  7.3
Evocations     | 3 6 7 8 |  8.3
Staves         | 2 3 |  3.9
Dodging        | |  2.1

Action                   |  1- 3 |  4- 6 |  7- 9 | 10-12 | 13-15 || total
-------------------------+-------+-------+-------+-------+-------++-------
Melee: Hand axe          |    50 |       |       |       |       ||    50
       Headbutt          |     8 |    15 |    25 |    69 |   100 ||   217
       War axe           |    28 |    96 |   226 |   149 |       ||   499
       Spear             |       |       |     2 |     8 |       ||    10
       Punch             |       |       |       |     1 |       ||     1
       Battleaxe         |       |       |       |   183 |   469 ||   652
       Halberd           |       |       |       |     9 |       ||     9
       Trident           |       |       |       |       |    18 ||    18
 Fire: Sling             |    35 |    62 |     8 |       |       ||   105
       Shortbow          |       |       |       |    12 |       ||    12
       Longbow           |       |       |       |    15 |   405 ||   420
Throw: Dart              |       |     2 |       |       |       ||     2
       Stone             |       |       |     3 |       |       ||     3
       Javelin           |       |       |       |    10 |       ||    10
       Boomerang         |       |       |       |    13 |     4 ||    17
Invok: Berserk           |     2 |     2 |     9 |    11 |     9 ||    33
       Trog's Hand       |       |     1 |     6 |    13 |    22 ||    42
       Brothers in Arms  |       |       |       |       |     2 ||     2
Evoke: Wand              |       |       |     1 |    13 |     3 ||    17
       Tin of tremorston |       |       |       |       |     2 ||     2
  Use: Scroll            |     2 |     8 |    11 |    12 |     8 ||    41
       Potion            |       |       |       |     8 |     4 ||    12
 Stab: Invisible         |       |       |       |       |     3 ||     3
       Paralysed         |       |       |       |       |     3 ||     3
Armor: Animal skin       |    20 |       |       |       |       ||    20
       Plate armour      |     9 |    98 |   115 |   200 |   284 ||   706
       Gold dragon scale |       |       |       |       |   204 ||   204
Dodge: Dodged            |    74 |    37 |    62 |   129 |   214 ||   516
Block: Buckler           |     6 |     9 |    49 |     4 |       ||    68
       Other             |       |       |       |   101 |   166 ||   267
       Reflection        |       |       |       |     5 |     1 ||     6

Table legend: (Time is in decaauts)
 A = Elapsed time spent in this place.
 B = Non-inter-level travel time spent in this place.
 C = Inter-level travel time spent in this place.
 D = Time resting spent in this place.
 E = Time spent auto-exploring this place.
 F = Levels seen in this place.
 G = Mean time per level.
                   A        B        C        D        E       F      G
               +--------+--------+--------+--------+--------+-----+--------+
         Total |  30396 |  28038 |   2358 |  10655 |  12493 |  22 | 1381.6 |
       Dungeon |  13929 |  12298 |   1631 |   2985 |   6849 |  13 | 1071.5 |
          Lair |   8011 |   7786 |    225 |   2085 |   4416 |   5 | 1602.2 |
  Orcish Mines |   7614 |   7114 |    500 |   5363 |   1129 |   2 | 3807.0 |
       Ossuary |    382 |    382 |      0 |     54 |     32 |   1 |  382.0 |
        Bailey |    458 |    458 |      0 |    165 |     66 |   1 |  458.0 |
               +--------+--------+--------+--------+--------+-----+--------+

Top non-repeatable levels by time:
   Orc:2: 5251 daAuts
  Lair:5: 2702 daAuts
   Orc:1: 2363 daAuts
    D:11: 1993 daAuts
  Lair:2: 1487 daAuts
  Lair:3: 1415 daAuts
     D:4: 1344 daAuts
  Lair:1: 1326 daAuts
     D:8: 1300 daAuts
     D:3: 1204 daAuts
     D:6: 1178 daAuts
     D:9: 1135 daAuts
    D:10: 1117 daAuts
     D:5: 1084 daAuts
  Lair:4: 1079 daAuts
